 Dungeon Crawl Stone Soup version 0.30.1-10-g1249ef9ec4 (webtiles) character file.

Game seed: 3087450057503516853

147 lonewolfV2 the Covered (level 5, -3/41 HPs)
             Began as a Demonspawn Fighter on Oct 27, 2023.
             Killed by divine providence
             ... invoked by an orc priest
              (10 damage)
             ... on level 4 of the Dungeon.
             The game lasted 00:03:25 (2233 turns).

lonewolfV2 the Covered (Demonspawn Fighter)         Turns: 2233, Time: 00:03:26

Health: -3/41      AC: 11    Str: 18    XL:     5   Next: 7%
Magic:  7/7        EV: 10    Int:  9    God:
Gold:   179        SH:  4    Dex: 13    Spells: 4/4 levels left

rFire   . . .        a - +0 war axe
rCold   . . .        c - +0 buckler
rNeg    . . .        b - +0 scale mail
rPois   .            (no helmet)
rElec   .            (no cloak)
rCorr   .            (no gloves)
SInv    .            i - +1 pair of boots
Will    .....        (no amulet) Stlth
                     (no ring)
HPRegen 0.26/turn    (no ring)
MPRegen 0.10/turn

%: no passive effects
@: weak-willed
A: slimy green scales 1, powered by pain 1, spiny 1
a: no special abilities


You were on level 4 of the Dungeon.
You visited 1 branch of the dungeon, and saw 4 of its levels.

You collected 179 gold pieces.

Inventory:

Hand Weapons
 a - a +0 war axe (weapon)
Armour
 b - a +0 scale mail (worn)
 c - a +0 buckler (worn)
 i - a +1 pair of boots (worn)
Scrolls
 f - 7 scrolls of identify
 m - a scroll of teleportation
Potions
 d - 3 potions of might
 g - 2 potions of haste
 h - a potion of heal wounds
 k - a potion of curing
 p - a potion of cancellation


   Skills:
 - Level 3.0 Fighting
 - Level 1.7 Axes
 + Level 3.5 Armour
 * Level 3.0 Dodging
 - Level 2.6 Shields
 + Level 2.8 Invocations


You had 4 spell levels left.
You didn't know any spells.
Your spell library contained the following spells:

 Spells                   Type           Power      Damage    Failure   Level
 Shock                    Conj/Air       0%         1d3       85%         1
 Swiftness                Air            0%         N/A       99%         3
 Airstrike                Air            0%         2d(0-16)  100%        4


Dungeon Overview and Level Annotations

Branches:
Dungeon (4/15)
 Temple: D:4-7

Altars:


Innate Abilities, Weirdness & Mutations

You are partially covered in slimy green scales. (AC +2)
You sometimes gain a little power by taking damage.
You are partially covered in sharp spines.


Message History

You hit the orc priest.
The orc priest is lightly wounded.
The orc priest invokes the aid of Beogh against you.
You barely resist.
The orc priest miscasts a cantrip.
An orc priest comes into view. It is wielding a +0 club.
You barely miss the orc priest.
The orc priest is lightly wounded.
The orc priest shouts!
The orc priest is struck by your spines.
The orc priest hits you with a +0 mace.
The orc priest looks braver for a moment.
You barely miss the orc.
Unknown command.
You hit the orc.
The orc is heavily wounded.
You hit the orc priest. You block the orc priest's attack.
The orc barely misses you. The orc is struck by your spines.
The orc hits you but does no damage. The iguana is struck by your spines.
The iguana barely misses you.
You hit the orc.
The orc is severely wounded.
You closely miss the orc priest. You slash the iguana! You hit the orc.
The orc priest is struck by your spines.
The orc priest hits you but does no damage.
The orc is struck by your spines.
You kill the orc!
The orc priest mumbles some strange prayers to Beogh against you.
Beogh smites you!
The orc priest mumbles some strange prayers to Beogh against you.
Beogh smites you! The orc hits you with a +0 flail.
The iguana bites you but does no damage.
Unknown command.
You slash the orc!
You kill the orc!
You hit the orc priest. You closely miss the iguana. The iguana bites you!
* * * LOW HITPOINT WARNING * * *
The orc priest invokes the aid of Beogh against you.
Beogh smites you!
You die...

#....... ..#
#....... .. #.... .
.# ##### #.... .#.
#..... #.... #.#
$..... #....##.#
#......
#....<..##.......
.....####.)#lo.....
### ##.@)......
##o)o.....
##....... ..#....
#..#... #.# #. #.
..


You could see an iguana and 3 orc priests.

Vanquished Creatures
  A gnoll (D:1)
  5 adders
  3 worms (D:2)
  3 dart slugs
  5 orcs
  8 endoplasms
  3 giant cockroaches
  10 goblins
  6 hobgoblins
  3 kobolds
  4 quokkas
  5 ball pythons
  7 bats
  6 frilled lizards
  2 rats
71 creatures vanquished.

Notes
Turn   | Place    | Note
-------+----------+-------------------------------------------
     0 | D:1      | lonewolfV2 the Demonspawn Fighter began the quest for the
                  | Orb.
     0 | D:1      | Reached XP level 1. HP: 18/18 MP: 1/1
    84 | D:1      | Reached skill level 1 in Dodging
    84 | D:1      | Reached skill level 1 in Invocations
    84 | D:1      | Gained mutation: You are partially covered in sharp spines.
                  | [demonic ancestry]
    84 | D:1      | Reached XP level 2. HP: 13/24 MP: 2/2
   666 | D:1      | Gained mutation: You are partially covered in slimy green
                  | scales. (AC +2) [demonic ancestry]
   666 | D:1      | Reached XP level 3. HP: 27/29 MP: 4/4
  1014 | D:2      | Identified the +5 hand axe "Vuzoalo" {elec, rF++}
  1125 | D:2      | Gained mutation: You sometimes gain a little power by
                  | taking damage. [demonic ancestry]
  1125 | D:2      | Reached XP level 4. HP: 35/35 MP: 5/5
  2089 | D:3      | Reached XP level 5. HP: 41/41 MP: 7/7
  2233 | D:4      | Killed from afar by an orc priest

Illustrated notes

Levels and vault maps discovered:
D:1:      erik_arrival_blinker_ship, layout_basic, minmay_indecisive_spiral
D:2:      layout_loops_cross
D:3:      layout_basic
D:4:      layout_cave_pods, uniq_blork_the_orc, uniq_grinder

Skill      XL: |  1  2  3  4  5 |
---------------+----------------+-----
Dodging        | 1 2 3 |  3.0
Invocations    | 1 2 |  2.8
Armour         | 3 |  3.5
Fighting       | |  3.0
Axes           | |  1.7
Shields        | |  2.6

Action                     |  1- 3 |  4- 6 || total
---------------------------+-------+-------++-------
  Melee: War axe           |    70 |    54 ||   124
    Use: Scroll            |     4 |     8 ||    12
 Armour: Scale mail        |    34 |    23 ||    57
  Dodge: Dodged            |    42 |    27 ||    69
  Block: Buckler           |    22 |    19 ||    41
